 Dungeon Crawl Stone Soup version 0.31-a0-876-gfe8ebadbca (webtiles) character file.

Game seed: 1358731823503433213

1913 Azuregosa the Covert (level 9, -4/58 HPs)
             Began as an Octopode Delver on Oct 13, 2023.
             Was an Initiate of Gozag.
             Slain by a vampire (11 damage)
             ... on level 7 of the Dungeon.
             The game lasted 00:27:31 (4775 turns).

Azuregosa the Covert (Octopode Delver)              Turns: 4775, Time: 00:27:31

Health: -4/58      AC:  1    Str: 17    XL:     9   Next: 16%
Magic:  17/17      EV: 14    Int: 16    God:    Gozag
Gold:   623        SH:  0    Dex: 14    Spells: 12/19 levels left

rFire   . . .        l - +5 war axe
rCold   . . .        (no shield)
rNeg    . . .        (helmet restricted)
rPois   .            g - amulet of regeneration
rElec   .            j - +6 ring of strength
rCorr   .            E - +4 ring of slaying
SInv    .            (no ring)
Will    .....        (no ring)
Stlth   ++++++       (no ring)
HPRegen 1.09/turn    (no ring)
MPRegen 0.15/turn    (no ring)
                     (no ring)

%: no passive effects
@: no status effects
A: almost no armour, amphibious, 8 rings, camouflage 1, gelatinous body 1,
(nimble swimmer 1), tentacles
a: Renounce Religion, Potion Petition, Call Merchant, Bribe Branch


You were on level 7 of the Dungeon.
You worshipped Gozag.
Gozag was pleased with you.
You visited 2 branches of the dungeon, and saw 8 of its levels.
You also visited: Sewer.

You collected 979 gold pieces.
You spent 260 gold pieces at shops.
You paid 96 gold pieces to Gozag.

Inventory:

Hand Weapons
 a - a +0 mace
 l - a +5 war axe (weapon)
 p - a +2 antimagic whip
 z - a +0 whip
 C - a +0 whip of flaming
Missiles
 c - a throwing net
 w - 3 silver javelins
 x - 11 poisoned darts
Jewellery
 g - an amulet of regeneration (around mantle)
 j - a +6 ring of strength (left tentacle)
 u - an amulet of reflection
 B - a +5 ring of evasion
 E - a +4 ring of slaying (right tentacle)
Talismans
 s - a maw talisman
 G - a serpent talisman
Wands
 f - a wand of digging (3)
Scrolls
 b - a scroll of fog
 h - a scroll of amnesia
 k - 3 scrolls of teleportation {unknown}
 m - 2 scrolls of immolation {unknown}
 o - 2 scrolls of noise {unknown}
 q - 2 scrolls of enchant weapon {unknown}
 t - a scroll of silence
 y - 3 scrolls of poison
 A - a scroll of vulnerability
 F - a scroll of revelation
Potions
 d - 3 potions of mutation {unknown}
 e - 2 potions of haste
 i - a potion of enlightenment {unknown}
 n - 4 potions of curing
 r - 3 potions of invisibility {unknown}
 v - 3 potions of heal wounds {unknown}
 D - 2 potions of brilliance {unknown}


   Skills:
 - Level 4.0 Fighting
 - Level 3.3 Maces & Flails
 - Level 3.3 Dodging
 - Level 13.2 Stealth
 + Level 5.6 Spellcasting
 + Level 2.0 Summonings


You had 12 spell levels left.
You knew the following spells:

 Your Spells              Type           Power      Damage    Failure   Level
a - Swiftness             Air            4%         N/A       41%         3
b - Summon Small Mammal   Summ           44%        N/A       6%          1
c - Summon Guardian Gole  Hex/Summ       7%         N/A       28%         3

Your spell library contained the following spells:

 Spells                   Type           Power      Damage    Failure   Level
 Freeze                   Ice            16%        1d4       14%         1
 Call Canine Familiar     Summ           11%        N/A       19%         3
 Ensorcelled Hibernation  Hex/Ice        8%         N/A       22%         2
 Passwall                 Tmut/Erth      3%         N/A       22%         2
 Sublimation of Blood     Necr           4%         N/A       22%         2
 Wereblood                Tmut           4%         N/A       22%         2
 Frozen Ramparts          Ice            8%         1d2       41%         3
 Hailstorm                Conj/Ice       4%         3d4       41%         3
 Summon Hydra             Summ           5%         N/A       100%        7


Dungeon Overview and Level Annotations

Branches:
Dungeon (7/15)             Temple (1/1) D:4           Sewer (visited)

Altars:
Ashenzari
Cheibriados
Dithmenos
Fedhas
Gozag
Hepliaklqana
Kikubaaqudgha
Makhleb
Nemelex Xobeh
Okawaru
Qazlal
Ru
Sif Muna
Trog
Uskayaw
Wu Jian
Xom
Yredelemnul
Zin
The Shining One

Shops:
D:4 ::   D:5 [


Innate Abilities, Weirdness & Mutations

You cannot wear most types of armour.
You are amphibious.
You can wear up to eight rings at the same time.
Your skin changes colour to match your surroundings (Stealth+).
Your rubbery body absorbs attacks. (AC +1, EV +1)
((You are camouflaged when in or above water. (Stealth+)))
You have tentacles for arms and can constrict up to eight enemies at once.


Message History

There is a stone staircase leading down here.
You climb downwards.
Found a scale mail, a scroll of revelation and 9 gold pieces.
There is a stone staircase leading up here.
Press: ? - help, v - describe, . - travel
Here: a vampire (dormant)
The floor.
You see here a +0 scale mail.
You hit the vampire but do no damage. You grab the vampire.
You squeeze the vampire.
The vampire is lightly damaged.
You constrict the vampire, but do no damage.
The vampire barely misses you. The vampire bites you.
The vampire draws strength from your injuries!
You hit the vampire. Your squeeze misses the vampire.
The vampire is lightly damaged.
You constrict the vampire. The vampire closely misses you.
The vampire bites you!
The vampire draws strength from your injuries!
The vampire hits you. The vampire bites you!
The vampire draws strength from your injuries!
A bullfrog comes into view.
The bullfrog croaks.
You hit the vampire.
The vampire is lightly damaged.
You constrict the vampire, but do no damage.
The vampire barely misses you. The vampire closely misses you.
You feel better.
You constrict the vampire. The vampire barely misses you.
The vampire bites you!
The vampire draws strength from your injuries!
You hit the vampire. You squeeze the vampire.
The vampire is moderately damaged.
You constrict the vampire! The vampire hits you!
* * * LOW HITPOINT WARNING * * *
The vampire bites you.
* * * LOW HITPOINT WARNING * * *
The vampire draws strength from your injuries!
The vampire hits you!
You die...
Your body crumbles into a pile of gold.

.................
#?#####.........###
##.####............
#..#.............#
######....###........>#
.....................#
............#.......#
#......V).....<..#
#.....@.....######
#....[....###
#.....F...# #...<....o#
................
.............###
#.#......?...# #
#.$.....#### #.##...##


You could see a vampire, a bullfrog and an orc.

Vanquished Creatures
  Pikel (D:5)
  Grinder (D:3)
  Prince Ribbit (D:5)
  Eustachio (D:5)
  A water moccasin (Sewer)
  A black bear (D:4)
  2 ogres
  A phantom (D:6)
  A hound (D:5)
  4 jellies
  An orc priest (D:2)
  An iguana (D:5)
  10 gnolls
  8 adders
  A white imp (D:5)
  3 worms (D:5)
  2 dart slugs
  An orc (D:3)
  13 bats
  12 endoplasms
  4 giant cockroaches
  6 hobgoblins
  4 jackals (D:1)
  4 quokkas
  6 ball pythons
  4 frilled lizards
  8 goblins
  4 kobolds
  7 rats
113 creatures vanquished.

Notes
Turn   | Place    | Note
-------+----------+-------------------------------------------
     0 | D:5      | Azuregosa the Octopode Delver began the quest for the Orb.
     0 | D:5      | Reached XP level 1. HP: 16/16 MP: 1/1
     6 | D:5      | Noticed Eustachio
    50 | D:5      | Reached XP level 2. HP: 13/21 MP: 2/2
   100 | D:5      | Found a glowing drain.
   104 | Sewer    | Entered a sewer
   107 | Sewer    | Reached XP level 3. HP: 25/26 MP: 3/3
   151 | Sewer    | Reached skill level 7 in Stealth
   157 | Sewer    | Noticed a water moccasin
   167 | Sewer    | Killed a water moccasin
   168 | Sewer    | Reached XP level 4. HP: 33/33 MP: 4/4
   168 | Sewer    | Reached XP level 5. HP: 37/37 MP: 5/5
   347 | D:5      | Found Xaiklup's Armour Boutique.
   491 | D:4      | Found a staircase to the Ecumenical Temple.
   504 | Temple   | Entered the Ecumenical Temple
   523 | Temple   | Became a worshipper of Gozag Ym Sagoz the Greedy
   582 | D:4      | Found Noggoad's Book Shop.
   602 | D:4      | Noticed an ogre
   714 | D:4      | Found Xoepseotu's Vocational Training.
   769 | D:3      | Noticed Grinder
   776 | D:3      | Killed Grinder
   777 | D:3      | Reached skill level 9 in Stealth
   777 | D:3      | Reached XP level 6. HP: 27/43 MP: 6/6
   802 | D:3      | Noticed a shining eye
   804 | D:3      | Found a faded altar of an unknown god.
   806 | D:3      | Noticed a floating eye
   855 | D:3      | Noticed a golden eye
   855 | D:3      | Noticed a shining eye
   928 | D:2      | Reached XP level 7. HP: 48/48 MP: 7/7
  1248 | D:1      | Reached skill level 10 in Stealth
  3124 | D:5      | Reached skill level 11 in Stealth
  3158 | D:5      | Noticed Prince Ribbit
  3186 | D:5      | Killed Prince Ribbit
  3187 | D:5      | Reached skill level 12 in Stealth
  3220 | D:6      | Reached XP level 8. HP: 41/54 MP: 8/8
  3346 | D:4      | Bought a book of Burglary for 260 gold pieces
  3350 | D:4      | Learned a level 3 spell: Swiftness
  3352 | D:4      | Learned a level 1 spell: Summon Small Mammal
  3710 | D:4      | Reached skill level 1 in Spellcasting
  3816 | D:5      | Killed Eustachio
  3817 | D:5      | Reached skill level 13 in Stealth
  3878 | D:5      | Noticed Pikel
  3892 | D:5      | Killed Pikel
  3893 | D:5      | Reached skill level 5 in Spellcasting
  3893 | D:5      | Reached XP level 9. HP: 24/58 MP: 11/16
  3897 | D:5      | Learned a level 3 spell: Summon Guardian Golem
  4541 | D:6      | Reached skill level 1 in Summonings
  4775 | D:7      | Slain by a vampire

Illustrated notes

Levels and vault maps discovered:
D:1:      scummos_arrival_hexagon, layout_loops_ring, minmay_quantized
D:2:      layout_rooms, dk_noncrumbling_2, st_stairs_6
D:3:      layout_basic, hellmonk_ecumenical_altar_watching_god, uniq_grinder
D:4:      layout_cave_pods, minmay_temple_entry_overgrown, serial_shops,
          nicolae_shop_tiny_statue_garden, nicolae_shop_vocational
D:5:      layout_basic, serial_shops, shop, gup_sewer_entry_spiral,
          minmay_gold_behind_fungi, uniq_prince_ribbit1, uniq_pikel,
          uniq_eustachio
D:6:      layout_loops_cross
D:7:      layout_rooms
Temple:   nicolae_temple_slightly_damp_pantheon

Skill      XL: |  1  2  3  4  5  6  7  8  9 |
---------------+----------------------------+-----
Stealth        | 7 9 12 13 | 13.2
Maces & Flails | 3 |  3.3
Dodging        | 3 |  3.3
Fighting       | 4 |  4.0
Spellcasting   | 5 |  5.6
Summonings     | 2 |  2.0

Action                     |  1- 3 |  4- 6 |  7- 9 || total
---------------------------+-------+-------+-------++-------
  Melee: Mace              |    38 |    28 |       ||    66
         Constrict         |     8 |     8 |    27 ||    43
         Tentacles         |     3 |     3 |    23 ||    29
         Punch             |     1 |       |       ||     1
         War axe           |       |    14 |   141 ||   155
   Cast: Summon Small Mamm |       |       |     1 ||     1
    Use: Scroll            |     1 |       |     6 ||     7
         Potion            |     1 |       |     1 ||     2
   Stab: Sleeping          |     6 |     6 |    30 ||    42
         Distracted        |       |       |     1 ||     1
 Armour: Skin              |    22 |    20 |    72 ||   114
  Dodge: Dodged            |    37 |    19 |    80 ||   136

Table legend: (Time is in decaauts)
 A = Elapsed time spent in this place.
 B = Non-inter-level travel time spent in this place.
 C = Inter-level travel time spent in this place.
 D = Time resting spent in this place.
 E = Time spent auto-exploring this place.
 F = Levels seen in this place.
 G = Mean time per level.
                   A        B        C        D        E       F      G
               +--------+--------+--------+--------+--------+-----+--------+
         Total |   4870 |   4649 |    221 |    341 |   2068 |   9 |  541.1 |
       Dungeon |   4701 |   4480 |    221 |    335 |   2055 |   7 |  671.6 |
        Temple |     42 |     42 |      0 |      0 |      0 |   1 |   42.0 |
         Sewer |    125 |    125 |      0 |      6 |     13 |   1 |  125.0 |
               +--------+--------+--------+--------+--------+-----+--------+

Top non-repeatable levels by time:
     D:5: 1132 daAuts
     D:4: 868 daAuts
     D:1: 838 daAuts
     D:3: 745 daAuts
     D:2: 620 daAuts
     D:6: 476 daAuts
   Sewer: 125 daAuts
  Temple: 42 daAuts
     D:7: 19 daAuts
